 Dungeon Crawl Stone Soup version 0.20.1-1-g8b1a95d (webtiles) character file.

191 wolfsongas the Cudgeler (level 5, -2/50 HPs)
             Began as a Troll Berserker on Aug 2, 2017.
             Was a Priest of Trog.
             Slain by a gnoll
             ... wielding a +0 halberd
              (4 damage)
             ... while paralysed
             ... on level 3 of the Dungeon.
             The game lasted 00:05:30 (1620 turns).

wolfsongas the Cudgeler (Troll Berserker)           Turns: 1620, Time: 00:05:31

Health: -2/50      AC:  6    Str: 26    XL:     5   Next: 41%
Magic:  4/4        EV:  1    Int:  3    God:    Trog [***...]
Gold:   118        SH:  0    Dex:  9    Spells: 4/4 levels left

rFire    . . .     SeeInvis .   l - +3 whip
rCold    . . .     Gourm    +   (no shield)
rNeg     + . .     Faith    .   b - +1 animal skin
rPois    .         Spirit   .   (helmet restricted)
rElec    .         Reflect  .   (no cloak)
rCorr    .         Harm     .   (gloves unavailable)
MR       .....                  (boots unavailable)
Stlth    +.........             (no amulet)
Regen    0.6/turn               g - ring of positive energy
MPRegen  0.1/turn               (no ring)

@: paralysed, berserk cooldown, slowed
A: unfitting armour, claws 3, fast metabolism 3, gourmand, regeneration 1,
shaggy fur 1, tough skin 2
a: Berserk, Trog's Hand, Burn Spellbooks, Renounce Religion


You were on level 3 of the Dungeon.
You worshipped Trog.
Trog was most pleased with you.
You were full.

You visited 1 branch of the dungeon, and saw 3 of its levels.

You collected 118 gold pieces.

Inventory:

Hand Weapons
 l - a +3 whip (weapon)
Armour
 b - a +1 animal skin (worn)
Jewellery
 g - a ring of positive energy (left claw)
Scrolls
 e - a scroll of immolation {unknown}
 f - a scroll of amnesia
 h - 2 scrolls of remove curse
 j - a scroll of fog
 m - 2 scrolls of identify
 q - a scroll of fear {unknown}
Potions
 a - a potion of invisibility
 d - a potion of brilliance
 i - a potion of might {unknown}
 k - a potion of agility {unknown}
 n - 2 potions of heal wounds {unknown}
 o - a potion of cancellation {unknown}
 p - a potion of lignification {unknown}
Comestibles
 c - a bread ration
 r - 2 fruits


   Skills:
 - Level 2.4 Fighting
 * Level 5.6 Maces & Flails
 - Level 2.4 Dodging


You had 4 spell levels left.
You didn't know any spells.

Dungeon Overview and Level Annotations

Branches:
Dungeon (3/15)

Altars:
Ashenzari


Innate Abilities, Weirdness & Mutations

You are too large for most types of armour.
You have claws for hands.
Your metabolism is lightning-fast.
You like to eat raw meat.
Your natural rate of healing is unusually fast.
You are covered in fur. (AC +1)
You have very tough skin. (AC +2)


Message History

* * * LOW HITPOINT WARNING * * *
The gnoll hits you with a spear.
* * * LOW HITPOINT WARNING * * *
You hit the gnoll.
You kill the gnoll!
Trog accepts your kill.
The gnoll hits you from afar with a halberd.
* * * LOW HITPOINT WARNING * * *
Things that are here:
a club; a hobgoblin corpse You feel a strong urge to attack something.
The gnoll barely misses you.
You are no longer berserk.
You pass out from exhaustion.
You feel yourself slow down. The gnoll hits you with a halberd!
* * * LOW HITPOINT WARNING * * *
The gnoll hits you but does no damage. The gnoll hits you with a halberd.
You die...

#.........######..##....
#.........)†...#..##....
####..........###.#........
#.......#####.# #.##.#####.
#.#....##...#####.#.....##(
#####.#..>##.....##.........(..
#.....###.#.......#.######(.###
#.....# #.#..._...#.........#
#.....# #.#...@g..#.#####)..#
#####.# #.##))...##. #...#
####.###..##...###.[ #...#
#....†.....##.####... #...#
#............)...# #.###...###
#.)..............#.#<......#.#
####.#######...........##.(#..
#.# #####.#.........#.# #.#
.####..#...#.#


You could see a gnoll.

Vanquished Creatures
  An orc wizard (D:3)
  4 gnolls
  4 adders (D:2)
  2 worms
  A dart slug (D:1)
  5 orcs
  A ball python (D:2)
  5 giant cockroaches
  5 hobgoblins
  8 jackals
  7 bats
  6 frilled lizards
  8 goblins
  9 kobolds
  17 rats
83 creatures vanquished.

Notes
Turn   | Place    | Note
-------+----------+-------------------------------------------
     0 | D:1      | wolfsongas the Troll Berserker began the quest for the Orb.
     0 | D:1      | Reached XP level 1. HP: 22/22 MP: 0/0
    72 | D:1      | Reached skill level 3 in Maces & Flails
   120 | D:1      | Reached XP level 2. HP: 29/29 MP: 1/1
   758 | D:2      | Reached XP level 3. HP: 22/36 MP: 2/2
   811 | D:2      | Reached skill level 4 in Maces & Flails
   822 | D:2      | Reached ** piety under Trog
   938 | D:2      | Reached XP level 4. HP: 39/44 MP: 3/3
  1117 | D:2      | Reached skill level 5 in Maces & Flails
  1416 | D:3      | Reached XP level 5. HP: 50/50 MP: 4/4
  1530 | D:3      | Reached *** piety under Trog
  1603 | D:3      | Found a shattered altar of Ashenzari.
  1618 | D:3      | HP: 1/50 [gnoll/halberd (8)]
  1620 | D:3      | Slain by a gnoll

Skill      XL: |  1  2  3  4 |
---------------+-------------+-----
Maces & Flails | 3 4 5 |  5.6
Fighting       | |  2.4
Dodging        | |  2.4

Action                   |  1- 3 |  4- 6 || total
-------------------------+-------+-------++-------
Melee: Mace              |   112 |       ||   112
       Whip              |    14 |   138 ||   152
Invok: Berserk           |     1 |     2 ||     3
  Use: Scroll            |     2 |     4 ||     6
       Potion            |     1 |       ||     1
  Eat: Chunk             |     6 |       ||     6
       Bread ration      |     1 |     1 ||     2
       Meat ration       |       |     1 ||     1
Armor: Animal skin       |    63 |    48 ||   111
Dodge: Dodged            |    94 |    83 ||   177
